 Dungeon Crawl Stone Soup version 0.31-a0-977-gc230f8ef24 (webtiles) character file.

Game seed: 4371509305276003881

44 Dirtsage the Insei (level 3, -6/23 HPs)
             Began as an Octopode Shapeshifter on Oct 29, 2023.
             Mangled by a goblin
             ... wielding a +0 club
             ... led by Robin
              (7 damage)
             ... on level 2 of the Dungeon.
             The game lasted 00:01:31 (986 turns).

Dirtsage the Insei (Octopode Shapeshifter)           Turns: 986, Time: 00:01:32

Health: -6/23      AC:  1    Str: 13    XL:     3   Next: 60%
Magic:  3/3        EV: 13    Int: 12    God:
Gold:   82         SH:  0    Dex: 13    Spells: 2/2 levels left

rFire   . .          .
                       - Unarmed
rCold   . . .        (no shield)
rNeg    . . .        (helmet currently unavailable)
rPois   .            (no amulet)
rElec   .            (no ring)
rCorr   .            (no ring)
SInv    .            (no ring)
Will    .....        (no ring)
Stlth   ++           (no ring)
HPRegen 0.23/turn    (no ring)
MPRegen 0.08/turn    (no ring)
                     (no ring)

%: no passive effects
@: beast-form
A: beast (slay +2), almost no armour, amphibious, 8 rings, camouflage 1,
gelatinous body 1, (nimble swimmer 1), tentacles
a: Begin Untransformation


You were on level 2 of the Dungeon.
You were a hulking beast.
You visited 1 branch of the dungeon, and saw 2 of its levels.

You collected 82 gold pieces.

Inventory:

Talismans
 b - a beast talisman
 c - a flux talisman
Scrolls
 d - a scroll of fear {unknown}
 g - 2 scrolls of poison {unknown}
Potions
 a - 4 potions of lignification
 e - a potion of enlightenment {unknown}
 f - a potion of magic {unknown}


   Skills:
 + Level 1.6 Fighting
 - Level 2.0 Dodging
 * Level 3.6 Unarmed Combat
 * Level 3.5 Shapeshifting


You had 2 spell levels left.
You didn't know any spells.
Your spell library contained the following spells:

 Spells                   Type           Power      Damage    Failure   Level
 Summon Forest            Summ/Tloc      0%         N/A       100%        5
 Summon Mana Viper        Hex/Summ       0%         N/A       100%        5
 Summon Cactus Giant      Summ           0%         N/A       100%        6


Dungeon Overview and Level Annotations

Branches:
Dungeon (2/15)

Altars:


Innate Abilities, Weirdness & Mutations

You are a hulking beast.
Your limbs bulge with bestial killing power. (Slay +2)
You cannot wear most types of armour.
You are amphibious.
You can wear up to eight rings at the same time.
Your skin changes colour to match your surroundings (Stealth+).
Your rubbery body absorbs attacks. (AC +1, EV +1)
((You are camouflaged when in or above water. (Stealth+)))
You have tentacles for arms and can constrict up to eight enemies at once.


Message History

Your grab misses the goblin. You squeeze the goblin.
You kill the goblin!
Robin misses you.
Items here: )) ††.
You tentacle-slap Robin but do no damage.
Your grab misses Robin. You tentacle-slap Robin.
Robin is moderately wounded.
Robin throws the goblin at you! The goblin hits you with a +0 dagger.
You take 6 damage, and have 16/23 hp.
MASSIVE DAMAGE!!
You tentacle-slap Robin. You grab Robin.
Robin is moderately wounded.
You constrict Robin. Robin closely misses you. The goblin barely misses you.
You tentacle-slap Robin.
Robin is heavily wounded.
You constrict Robin, but do no damage. Robin hits you with a +0 spear.
The goblin hits you with a +0 dagger.
You take 5 damage, and have 11/23 hp.
MASSIVE DAMAGE!!
You tentacle-slap Robin. You squeeze Robin, but do no damage.
Robin is severely wounded.
You constrict Robin, but do no damage. Robin hits you with a +0 spear.
The goblin hits you with a +0 dagger.
* * * LOW HITPOINT WARNING * * *
You take 7 damage, and have 4/23 hp.
MASSIVE DAMAGE!!
You tentacle-slap Robin but do no damage.
Your squeeze misses Robin.
Robin is severely wounded.
You constrict Robin. Robin hits you with a +0 spear.
* * * LOW HITPOINT WARNING * * *
The goblin closely misses you.
You take 3 damage, and have 1/23 hp.
You bludgeon the goblin!
You kill the goblin!
You constrict Robin, but do no damage. Robin throws the goblin at you!
The goblin barely misses you.
You tentacle-slap Robin. You squeeze Robin.
Robin is almost dead.
You constrict Robin.
You kill Robin!
The goblin hits you with a +0 club!
You die...

####.#...#.....# #
..#......#.....#
..<.#..........#
###.....##.....#
####†.##.....#
#..######## #..#
######..################
...............gh)g.....
##########.#############
#.# #.# #.# #.# ..# ###


You could see a hobgoblin (strong) and a goblin (strong).

Vanquished Creatures
  Robin (D:2)
  An adder (D:2)
  3 endoplasms
  A giant cockroach (D:1)
  9 goblins
  A hobgoblin (D:2)
  A quokka (D:1)
  5 bats
  3 frilled lizards (D:1)
  6 kobolds (D:1)
  5 rats (D:1)
36 creatures vanquished.

Notes
Turn   | Place    | Note
-------+----------+-------------------------------------------
     0 | D:1      | Dirtsage the Octopode Shapeshifter began the quest for the
                  | Orb.
     0 | D:1      | Reached XP level 1. HP: 13/13 MP: 1/1
   186 | D:1      | Reached XP level 2. HP: 14/18 MP: 2/2
   579 | D:1      | Reached XP level 3. HP: 23/23 MP: 3/3
   972 | D:2      | Noticed Robin
   984 | D:2      | HP: 1/23 [Robin/+0 spear (3)]
   986 | D:2      | Killed Robin
   986 | D:2      | Mangled by a goblin

Illustrated notes

Levels and vault maps discovered:
D:1:      nicolae_arrival_washed_ashore, layout_basic, serial_glass,
          glass_columns_c, glass_columns_a, glass_columns_c, glass_columns_c
D:2:      layout_loops_ring, serial_shops, nicolae_shop_crystal, basic_altar,
          serial_park_tiny_pond, uniq_sigmund, uniq_crazy_yiuf_cottage,
          uniq_robin

Action                     || total
---------------------------++-------
  Melee: Unarmed           ||    56
         Tentacles         ||    13
         Constrict         ||    10
         Punch             ||     2
   Stab: Sleeping          ||     2
 Armour: Skin              ||    25
  Dodge: Dodged            ||    35

Table legend: (Time is in decaauts)
 A = Elapsed time spent in this place.
 B = Non-inter-level travel time spent in this place.
 C = Inter-level travel time spent in this place.
 D = Time resting spent in this place.
 E = Time spent auto-exploring this place.
 F = Levels seen in this place.
 G = Mean time per level.
                   A        B        C        D        E       F      G
               +--------+--------+--------+--------+--------+-----+--------+
         Total |    982 |    954 |     28 |      0 |    758 |   2 |  491.0 |
       Dungeon |    982 |    954 |     28 |      0 |    758 |   2 |  491.0 |
               +--------+--------+--------+--------+--------+-----+--------+

Top non-repeatable levels by time:
     D:1: 861 daAuts
     D:2: 120 daAuts
